 Dungeon Crawl Stone Soup version 0.26.0-16-gc1dbca0489 (webtiles) character file.

Game seed: 1066638850142072918

2109 kaeus the Covered (level 9, -10/78 HPs)
             Began as a Minotaur Fighter on Jan 21, 2021.
             Was a Follower of Dithmenos.
             Mangled by a spectral weapon
             ... wielding a +2 spectral quarterstaff
             ... summoned by Joseph
              (11 damage)
             ... on level 8 of the Dungeon.
             The game lasted 00:16:05 (7283 turns).

kaeus the Covered (Minotaur Fighter)                Turns: 7283, Time: 00:16:05

Health: -10/78     AC: 12    Str: 29    XL:     9   Next: 7%
Magic:  8/8        EV: 15    Int:  9    God:    Dithmenos [*.....]
Gold:   173        SH:  0    Dex:  8    Spells: 8/8 levels left

rFire    + . .     SeeInvis .   D - +4 rapier of Purom {vorpal, rF+ Int+4 Dex-3}
rCold    . . .     Faith    .   (no shield)
rNeg     . . .     Spirit   .   h - +1 ring mail {Will+}
rPois    .         Reflect  .   (helmet restricted)
rElec    +         Harm     .   (no cloak)
rCorr    .         Rampage  .   (no gloves)
Will     +....                  A - +0 pair of boots (curse)
Stlth    ++........             o - amulet of the Air {Inacc +Fly rElec EV+5 RMsl}
HPRegen  0.23/turn              l - +6 ring of strength
MPRegen  0.11/turn              r - +4 ring of protection

@: wreathed by umbra, repel missiles
A: retaliatory headbutt, horns 2
a: Renounce Religion, Evoke Flight


You were on level 8 of the Dungeon.
You worshipped Dithmenos.
Dithmenos was aware of your devotion.
You visited 2 branches of the dungeon, and saw 9 of its levels.

You collected 389 gold pieces.
You spent 216 gold pieces at shops.

Inventory:

Hand Weapons
 p - a +0 dagger of venom
 D - the +4 rapier of Purom (weapon) {vorpal, rF+ Int+4 Dex-3}
   (You bought it in a shop on level 8 of the Dungeon)

   It inflicts extra damage upon your enemies.
   It affects your intelligence (+4).
   It affects your dexterity (-3).
   It protects you from fire.
Armour
 c - a +0 kite shield
 h - a +1 ring mail of willpower (worn)
 A - a cursed +0 pair of boots (worn)
Jewellery
 e - an uncursed ring of protection from fire
 l - a +6 ring of strength (left hand)
 o - the amulet of the Air (around neck) {Inacc +Fly rElec EV+5 RMsl}
   (You found it on level 6 of the Dungeon)

   [amulet of inaccuracy]

   It reduces the accuracy of all your attacks.
   It affects your evasion (+5).
   It insulates you from electricity.
   It lets you fly.
   It protects you from missiles.
 r - a +4 ring of protection (right hand)
 w - an uncursed ring of protection from cold
 y - an uncursed ring of resist corrosion
Wands
 u - a wand of polymorph (11)
 B - a wand of iceblast (3)
Scrolls
 b - a scroll of amnesia
 g - a scroll of enchant weapon
 k - 4 scrolls of identify
 m - 6 scrolls of remove curse
 n - 2 scrolls of random uselessness {unknown}
 q - a scroll of fog {unknown}
 s - 2 scrolls of magic mapping
 t - 2 scrolls of blinking {unknown}
 C - a scroll of teleportation {unknown}
Potions
 a - a potion of heal wounds {unknown}
 d - 4 potions of might
 f - a potion of magic {unknown}
 i - 2 potions of attraction {unknown}
 j - 5 potions of curing {unknown}
 v - a potion of degeneration {unknown}
 x - a potion of brilliance {unknown}
 z - a potion of flight {unknown}


   Skills:
 + Level 6.9 Fighting
 + Level 5.6 Short Blades
 - Level 0.5(3.8) Long Blades
 + Level 6.9 Armour
 * Level 6.2 Stealth
 + Level 6.8 Shields


You had 8 spell levels left.
You didn't know any spells.
Your spell library was empty.

Dungeon Overview and Level Annotations

Branches:
Dungeon (8/15)             Temple (1/1) D:6
   Lair: D:8-11

Altars:
Ashenzari
Cheibriados
Dithmenos
Elyvilon
Fedhas
Gozag
Hepliaklqana
Kikubaaqudgha
Makhleb
Nemelex Xobeh
Okawaru
Qazlal
Ru
Sif Muna
Trog
Uskayaw
Vehumet
Wu Jian
Xom
Yredelemnul
Zin
The Shining One

Shops:
D:7 (   D:8 (

Annotations:
D:8 Joseph


Innate Abilities, Weirdness & Mutations

You reflexively headbutt those who attack you in melee.
You have a pair of horns on your head.


Message History

The orc warrior closely misses you. You furiously retaliate!
You headbutt the orc warrior, but do no damage.
The centaur misses you.
Joseph smiles happily.
Joseph barely misses you.
You closely miss the spectral weapon.
The spectral weapon is severely damaged.
The spectral weapon hits you.
* * * LOW HITPOINT WARNING * * *
The centaur barely misses you. You furiously retaliate!
You headbutt the centaur! The orc warrior misses you. You furiously retaliate!
You headbutt the orc warrior. You barely miss the spectral weapon.
The spectral weapon is severely damaged.
The centaur hits you.
* * * LOW HITPOINT WARNING * * *
Joseph hits you with a +2 spectral quarterstaff!
* * * LOW HITPOINT WARNING * * *
The centaur completely misses you. The spectral weapon hits you!
You die...

#...# #. ###...# #.
#.....# #.. #..P..# #...
#.P∩P.#
#...#########..P..##
##.......#..........####
......c.(...............
......o@.#..........####
....$.@).#..........#
.........#..........#
..########..........# .
#..........#
#..........# #.....F....


You could see Joseph, an orc warrior, a centaur and a +2 spectral quarterstaff
(summoned).

Vanquished Creatures
  Eustachio (D:5)
  A water moccasin (D:7)
  2 orc warriors
  A sky beast (D:5)
  2 centaurs (D:7)
  Blork the orc (D:5)
  3 bullfrogs
  5 wights (D:5)
  A howler monkey (D:7)
  A centaur zombie (D:5)
  5 hounds
  3 orc priests
  3 iguanas
  6 orc wizards
  5 worker ants
  The ghost of kaeus the Sneak, a weakling MiDe (D:4)
  13 adders
  4 gnolls (D:3)
  A shadow imp (D:8)
  A white imp (D:8)
  An ufetubus (D:6)
  An ooze (D:6)
  An adder zombie (D:6)
  3 worms (D:2)
  4 leopard geckos
  8 orcs
  6 bats
  7 giant cockroaches
  7 goblins
  A hobgoblin (D:3)
  9 jackals
  2 quokkas
  3 ball pythons
  6 frilled lizards
  A jackal zombie (D:6)
  4 kobolds
  A quokka skeleton (D:8)
  5 rats
130 creatures vanquished.

Vanquished Creatures (others)
  A fungus (D:8)
  4 plants (D:8)
5 creatures vanquished.

Grand Total: 135 creatures vanquished

Notes
Turn   | Place    | Note
-------+----------+-------------------------------------------
     0 | D:1      | kaeus the Minotaur Fighter began the quest for the Orb.
     0 | D:1      | Reached XP level 1. HP: 19/19 MP: 0/0
   709 | D:1      | Reached XP level 2. HP: 26/27 MP: 1/1
  1024 | D:2      | Reached skill level 1 in Stealth
  1035 | D:2      | Reached XP level 3. HP: 8/33 MP: 2/2
  1678 | D:2      | Reached XP level 4. HP: 40/40 MP: 3/3
  2158 | D:3      | Noticed a bullfrog
  2165 | D:3      | Killed a bullfrog
  2166 | D:3      | Reached XP level 5. HP: 37/47 MP: 4/4
  2583 | D:3      | Reached XP level 6. HP: 41/53 MP: 5/5
  3507 | D:4      | Found a runed translucent gate.
  3507 | D:4      | Found a runed translucent gate.
  3507 | D:4      | Found an opulent altar of Gozag.
  3507 | D:4      | Found a runed translucent gate.
  3511 | D:4      | Noticed kaeus's ghost (weakling MiDe)
  3830 | D:4      | Killed kaeus's ghost
  3995 | D:5      | Entered Level 5 of the Dungeon
  4003 | D:5      | Noticed a sky beast
  4014 | D:5      | Killed a sky beast
  4015 | D:5      | Reached skill level 5 in Fighting
  4015 | D:5      | Reached skill level 5 in Armour
  4015 | D:5      | Reached skill level 5 in Shields
  4015 | D:5      | Reached XP level 7. HP: 61/61 MP: 6/6
  4059 | D:5      | Noticed Blork the orc
  4074 | D:5      | Killed Blork the orc
  4426 | D:5      | Noticed Eustachio
  4479 | D:5      | Killed Eustachio
  4693 | D:5      | Reached XP level 8. HP: 33/69 MP: 7/7
  5139 | D:6      | Found the amulet of the Air {Inacc +Fly rElec EV+5 RMsl}
  5154 | D:6      | Found a staircase to the Ecumenical Temple.
  5339 | Temple   | Entered the Ecumenical Temple
  5567 | Temple   | Became a worshipper of Dithmenos the Shadowed
  5731 | D:6      | Reached skill level 5 in Stealth
  5920 | D:6      | Found a hide-covered altar of Uskayaw.
  6082 | D:7      | Reached skill level 5 in Short Blades
  6083 | D:7      | Found Duuffeomm's Weapon Shoppe.
  6856 | D:7      | Found an iron altar of Okawaru.
  7119 | D:7      | Reached XP level 9. HP: 78/78 MP: 8/8
  7239 | D:8      | Found Meutumn's Antique Weapon Emporium.
  7245 | D:8      | Bought a bloodstained rapier for 216 gold pieces
  7245 | D:8      | Identified the +4 rapier of Purom {vorpal, rF+ Int+4 Dex-3}
                  | (You bought it in a shop on level 8 of the Dungeon)
  7263 | D:8      | Reached * piety under Dithmenos
  7269 | D:8      | Noticed Joseph
  7283 | D:8      | HP: 1/78 [Joseph/+2 spectral quarterstaff (7)]
  7283 | D:8      | Mangled by a spectral weapon

Illustrated notes

Levels and vault maps discovered:
D:1:      saegor_arrival_simple_e, layout_loops_corners, moated_statue,
          lemuel_flame_loot_1
D:2:      layout_rooms
D:3:      layout_basic, corexii_leaking_fountain
D:4:      layout_loops_ring, ebering_ghost_gozag
D:5:      layout_basic, uniq_eustachio, uniq_blork_the_orc
D:6:      layout_cave_pools, eat_drink_and_be_merry_uskayaw,
          minmay_temple_entry_slanted
D:7:      layout_basic, basic_altar, serial_shops, nicolae_shop_statue_plus
D:8:      layout_basic, dpeg_oklobed_lair, serial_shops,
          nicolae_shop_overgrown_old_shop, uniq_joseph
Temple:   regret_index_temple_sigil_plot

Skill      XL: |  1  2  3  4  5  6  7  8 |
---------------+-------------------------+-----
Stealth        | 1 2 3 4 6 |  6.2
Shields        | 4 5 6 |  6.8
Fighting       | 4 5 6 |  6.9
Armour         | 4 5 6 |  6.9
Short Blades   | 3 4 5 |  5.6
Long Blades    | |  0.5

Action                   |  1- 3 |  4- 6 |  7- 9 || total
-------------------------+-------+-------+-------++-------
Melee: Rapier            |    50 |    78 |    29 ||   157
       Headbutt          |    11 |    27 |    70 ||   108
       Short sword       |    36 |     3 |       ||    39
       Dagger            |       |    43 |   252 ||   295
       Long sword        |       |     9 |       ||     9
       Unarmed           |       |       |     2 ||     2
  Use: Scroll            |     4 |     2 |       ||     6
 Stab: Sleeping          |       |       |     4 ||     4
Armor: Ring mail         |    55 |    25 |    78 ||   158
       Scale mail        |     1 |       |       ||     1
       Skin              |       |       |     1 ||     1
Dodge: Dodged            |    48 |    39 |    97 ||   184
Block: Kite shield       |    73 |    68 |   118 ||   259
       Rpst.: Long sword |       |     1 |       ||     1
